| TOP OF THE 1ST |
|
Texas (APP) Rangers batting - Pitching for Detroit (APP) Tigers : LHP Randolph Main
|
|
Pitching: LHP Randolph Main
|
|
|
Batting: RHB Jerry Foster
|
0-0: Ball 1-0: Called Strike 1-1: Foul Ball, location: 2F 1-2: Foul Ball, location: 2F 1-2: Strikes out looking
|
|
Batting: RHB Ron Squires
|
0-0: Swinging Strike 0-1: Ground out 4-3 (Groundball, 4, EV 99.4 MPH)
|
|
Batting: RHB Luis Reyna
|
0-0: Ball 1-0: Ground out 6-3 (Groundball, 6, EV 101.2 MPH)
|
| Top of the 1st over - 0 runs, 0 hits, 0 errors, 0 left on base; Texas (APP) 0 - Detroit (APP) 0 |
| BOTTOM OF THE 1ST |
|
Detroit (APP) Tigers batting - Pitching for Texas (APP) Rangers : RHP Dan Rohrbach
|
|
Pitching: RHP Dan Rohrbach
|
|
|
Batting: LHB Timotheus Young
|
0-0: Called Strike 0-1: Called Strike 0-2: Foul Ball, location: 2F 0-2: Ball 1-2: Ground out 4-3 (Groundball, 34D, EV 91.2 MPH)
|
|
Batting: RHB Kevin Steed
|
0-0: DOUBLE (Flyball, 78D, EV 87.5 MPH)
|
|
Batting: RHB Ernst Meloche
|
0-0: Swinging Strike 0-1: Called Strike 0-2: Ball 1-2: Strikes out looking
|
|
Batting: RHB Norm Wood
|
0-0: Swinging Strike 0-1: Ball 1-1: Ball 2-1: Ground out 4-3 (Groundball, 34, EV 85.0 MPH)
|
| Bottom of the 1st over - 0 runs, 1 hit, 0 errors, 1 left on base; Texas (APP) 0 - Detroit (APP) 0 |
| TOP OF THE 2ND |
|
Texas (APP) Rangers batting - Pitching for Detroit (APP) Tigers : LHP Randolph Main
|
|
Batting: RHB Elias Sagrero
|
0-0: SINGLE (Flyball, 9LS, EV 95.0 MPH)
|
|
Batting: RHB Nick Solberg
|
0-0: Ball 1-0: Foul Ball, location: 2F 1-1: Called Strike 1-2: Foul Ball, location: 2F 1-2: Ball 2-2: Ball 3-2: Foul Ball, location: 2F 3-2: Foul Ball, location: 2F 3-2: Base on Balls Elias Sagrero to second
|
|
Batting: LHB Santino Pisanello
|
0-0: Ball 1-0: Foul Ball, location: 2F 1-1: Ball 2-1: Fielders Choice at 2nd, 1-6 (Groundball, 13S, EV 75.0 MPH) Elias Sagrero to third
|
|
Batting: RHB Luis Solorzano
|
0-0: Ball 1-0: Ball 2-0: DOUBLE (Flyball, 89XD, EV 100.6 MPH) Elias Sagrero scores Santino Pisanello to third Runner from 3rd tries for Home, SAFE, no throw by RF
|
|
Batting: SHB Albert Ortiz
|
0-0: Foul Ball, location: 2F 0-1: Called Strike 0-2: Ball 1-2: Ball 2-2: Foul Ball, location: 2F 2-2: Foul Ball, location: 2F 2-2: Foul Ball, location: 2F 2-2: 2-RUN HOME RUN (Flyball, 9D, EV 96.2 MPH), Distance : 369 ft
|
|
Batting: LHB Bobby Scott
|
0-0: SINGLE (Groundball, 5D, EV 96.9 MPH)
|
|
Batting: RHB Jerry Foster
|
0-0: Ball 1-0: Ball 2-0: Ball 3-0: Called Strike 3-1: Base on Balls Bobby Scott to second
|
|
Batting: RHB Ron Squires
|
0-0: Ball 1-0: Fly out, F9 (Line Drive, 9, EV 89.4 MPH)
|
|
Batting: RHB Luis Reyna
|
0-0: Fly out, F6 (Popup, 6, EV 64.4 MPH)
|
| Top of the 2nd over - 4 runs, 4 hits, 0 errors, 2 left on base; Texas (APP) 4 - Detroit (APP) 0 |
| BOTTOM OF THE 2ND |
|
Detroit (APP) Tigers batting - Pitching for Texas (APP) Rangers : RHP Dan Rohrbach
|
|
Batting: RHB Nate Dabney
|
0-0: Foul Ball, location: 2F 0-1: Swinging Strike 0-2: Foul Ball, location: 2F 0-2: Strikes out swinging
|
|
Batting: SHB Ronnie Lundy
|
0-0: Ball 1-0: Foul Ball, location: 2F 1-1: Reached on error, E4 (Groundball, 4, EV 90.0 MPH)
|
|
Batting: LHB Glen Boyle
|
0-0: Called Strike 0-1: Foul Ball, location: 2F 0-2: Ball 1-2: Ball 2-2: Fielders Choice at 2nd, 6-4 (Groundball, 6M, EV 98.1 MPH)
|
|
Batting: RHB George Sonier
|
0-0: Swinging Strike 0-1: Swinging Strike 0-2: Foul Ball, location: 2F 0-2: Strikes out swinging
|
| Bottom of the 2nd over - 0 runs, 0 hits, 1 error, 1 left on base; Texas (APP) 4 - Detroit (APP) 0 |
| TOP OF THE 3RD |
|
Texas (APP) Rangers batting - Pitching for Detroit (APP) Tigers : LHP Randolph Main
|
|
Batting: RHB Elias Sagrero
|
0-0: Called Strike 0-1: Swinging Strike 0-2: Strikes out swinging
|
|
Batting: RHB Nick Solberg
|
0-0: Foul Ball, location: 2F 0-1: Ball 1-1: Foul Ball, location: 2F 1-2: Ball 2-2: Ground out 5-3 (Groundball, 56S, EV 69.4 MPH)
|
|
Batting: LHB Santino Pisanello
|
0-0: Ball 1-0: Called Strike 1-1: Ball 2-1: Ball 3-1: Base on Balls
|
|
Batting: RHB Luis Solorzano
|
0-0: Ground out 4-3 (Groundball, 4, EV 107.5 MPH)
|
| Top of the 3rd over - 0 runs, 0 hits, 0 errors, 1 left on base; Texas (APP) 4 - Detroit (APP) 0 |
| BOTTOM OF THE 3RD |
|
Detroit (APP) Tigers batting - Pitching for Texas (APP) Rangers : RHP Dan Rohrbach
|
|
Batting: SHB Salvador Lacosta
|
0-0: Swinging Strike 0-1: Ball 1-1: Hit by Pitch
|
|
Batting: LHB Timotheus Young
|
0-0: Called Strike 0-1: SINGLE (Line Drive, 34, EV 96.9 MPH) Salvador Lacosta to second Runner from 2nd tries for 3rd, SAFE, throw by RF made to third
|
|
Now in LF: Eddie Reyes
|
|
|
Now in RF: Jerry Foster
|
|
|
Batting: RHB Kevin Steed
|
0-0: Ball 1-0: Ball 2-0: Ball 3-0: Called Strike 3-1: SINGLE (Groundball, 6MD, EV 105.0 MPH) Salvador Lacosta scores Timotheus Young to second Runner from 2nd tries for 3rd, SAFE, throw by CF made to third
|
|
Batting: RHB Ernst Meloche
|
0-0: Ball 1-0: Ball 2-0: Called Strike 2-1: DOUBLE (Flyball, 89XD, EV 106.2 MPH) Timotheus Young scores Kevin Steed to third
|
|
Batting: RHB Norm Wood
|
0-0: Swinging Strike 0-1: Ball 1-1: Ball 2-1: Ball Wild Pitch! Kevin Steed scores Ernst Meloche to third 3-1: Ground out 5-3 (Groundball, 5, EV 106.9 MPH)
|
|
Batting: RHB Nate Dabney
|
0-0: Ball 1-0: Ball 2-0: Ball 3-0: Foul Ball, location: 2F 3-1: Foul Ball, location: 2F 3-2: Foul Ball, location: 2F 3-2: Strikes out swinging
|
|
Batting: SHB Ronnie Lundy
|
0-0: Called Strike 0-1: Reached on error, E4 (Groundball, 4, EV 83.1 MPH) Ernst Meloche scores
|
|
Batting: LHB Glen Boyle
|
0-0: Called Strike 0-1: Ball 1-1: Called Strike 1-2: Ball 2-2: Ball 3-2: Foul Ball, location: 2F 3-2: Base on Balls Ronnie Lundy to second
|
|
Batting: RHB George Sonier
|
0-0: Foul Ball, location: 2F 0-1: Ball 1-1: Ball 2-1: 3-RUN HOME RUN (Flyball, 7D, EV 94.4 MPH), Distance : 377 ft
|
|
Pitching: RHP Tony Gutierrez
|
|
|
Batting: SHB Salvador Lacosta
|
0-0: Ball 1-0: Ball 2-0: SINGLE (Groundball, 15S, EV 73.1 MPH) (infield hit)
|
|
Batting: LHB Timotheus Young
|
0-0: Foul Ball, location: 2F 0-1: SINGLE (Groundball, 6D, EV 115.0 MPH) Salvador Lacosta to second
|
|
Batting: RHB Kevin Steed
|
0-0: Called Strike 0-1: Ball 1-1: Foul Ball, location: 2F 1-2: Foul Ball, location: 2F 1-2: Foul Ball, location: 2F 1-2: Ball 2-2: Ball 3-2: SINGLE (Groundball, 34D, EV 106.9 MPH) Salvador Lacosta to third Timotheus Young to second Salvador Lacosta scores Timotheus Young to third
|
|
Batting: RHB Ernst Meloche
|
0-0: Ball 1-0: Swinging Strike 1-1: Ball 2-1: Ground out 4-3 (Groundball, 34, EV 100.6 MPH)
|
| Bottom of the 3rd over - 8 runs, 7 hits, 1 error, 2 left on base; Texas (APP) 4 - Detroit (APP) 8 |
| TOP OF THE 4TH |
|
Texas (APP) Rangers batting - Pitching for Detroit (APP) Tigers : LHP Randolph Main
|
|
Batting: SHB Albert Ortiz
|
0-0: Called Strike 0-1: Ball 1-1: Ball 2-1: Swinging Strike 2-2: Hit by Pitch
|
|
Batting: LHB Bobby Scott
|
0-0: Called Strike 0-1: Ball 1-1: Foul Ball, location: 2F 1-2: Fielders Choice at 2nd, 2-6 (Groundball, 2R, EV 70.0 MPH)
|
|
Batting: RHB Jerry Foster
|
0-0: Foul Ball, location: 2F 0-1: Foul Ball, location: 2F 0-2: Ball Wild Pitch! Bobby Scott to second 1-2: Ball 2-2: Foul Ball, location: 2F 2-2: Ball 3-2: Ground out 5-3 (Groundball, 56, EV 101.2 MPH)
|
|
Batting: RHB Ron Squires
|
0-0: Ground out 5-3 (Groundball, 56, EV 101.9 MPH)
|
| Top of the 4th over - 0 runs, 0 hits, 0 errors, 1 left on base; Texas (APP) 4 - Detroit (APP) 8 |
| BOTTOM OF THE 4TH |
|
Detroit (APP) Tigers batting - Pitching for Texas (APP) Rangers : RHP Tony Gutierrez
|
|
Batting: RHB Norm Wood
|
0-0: Ball 1-0: Ground out 6-3 (Groundball, 6, EV 104.4 MPH)
|
|
Batting: RHB Nate Dabney
|
0-0: Ball 1-0: Called Strike 1-1: Ball 2-1: Fly out, F9 (Flyball, 9LD, EV 103.8 MPH)
|
|
Batting: SHB Ronnie Lundy
|
0-0: Ball 1-0: Called Strike 1-1: Foul Ball, location: 2F 1-2: Strikes out swinging
|
| Bottom of the 4th over - 0 runs, 0 hits, 0 errors, 0 left on base; Texas (APP) 4 - Detroit (APP) 8 |
| TOP OF THE 5TH |
|
Texas (APP) Rangers batting - Pitching for Detroit (APP) Tigers : LHP Randolph Main
|
|
Batting: LHB Eddie Reyes
|
0-0: Ball 1-0: Called Strike 1-1: Ball 2-1: Ball 3-1: Swinging Strike 3-2: Strikes out swinging
|
|
Batting: RHB Elias Sagrero
|
0-0: Called Strike 0-1: Swinging Strike 0-2: Ball 1-2: Foul Ball, location: 2F 1-2: Ball 2-2: Ball 3-2: Base on Balls
|
|
Batting: RHB Nick Solberg
|
Pickoff Throw to First - Out! 1-3 0-0: Ball 1-0: Ball 2-0: Ball 3-0: Base on Balls
|
|
Batting: LHB Santino Pisanello
|
0-0: Called Strike 0-1: Ball 1-1: SINGLE (Groundball, 56D, EV 105.6 MPH) Nick Solberg to second
|
|
Batting: RHB Luis Solorzano
|
0-0: Ball 1-0: Ball 2-0: Called Strike 2-1: Ball 3-1: Fielders Choice at 2nd, 6-4 (Groundball, 6, EV 103.1 MPH)
|
| Top of the 5th over - 0 runs, 1 hit, 0 errors, 2 left on base; Texas (APP) 4 - Detroit (APP) 8 |
| BOTTOM OF THE 5TH |
|
Detroit (APP) Tigers batting - Pitching for Texas (APP) Rangers : RHP Tony Gutierrez
|
|
Batting: LHB Glen Boyle
|
0-0: Fly out, F7 (Line Drive, 78M, EV 109.4 MPH)
|
|
Batting: RHB George Sonier
|
0-0: Ball 1-0: Ball 2-0: Ball 3-0: Base on Balls
|
|
Batting: SHB Salvador Lacosta
|
0-0: Swinging Strike 0-1: Foul Ball, location: 2F 0-2: Strikes out swinging
|
|
Batting: LHB Timotheus Young
|
0-0: Swinging Strike 0-1: Swinging Strike 0-2: Ball 1-2: Ball 2-2: Strikes out swinging
|
| Bottom of the 5th over - 0 runs, 0 hits, 0 errors, 1 left on base; Texas (APP) 4 - Detroit (APP) 8 |
| TOP OF THE 6TH |
|
Texas (APP) Rangers batting - Pitching for Detroit (APP) Tigers : LHP Randolph Main
|
|
Batting: SHB Albert Ortiz
|
0-0: Ball 1-0: Ball 2-0: Called Strike 2-1: Ball 3-1: SINGLE (Groundball, 6D, EV 105.6 MPH)
|
|
Batting: LHB Bobby Scott
|
0-0: Ball 1-0: Swinging Strike 1-1: Ball 2-1: Ball 3-1: Grounds into double play, 5-4-3 (Groundball, 5, EV 89.4 MPH)
|
|
Batting: RHB Jerry Foster
|
0-0: Called Strike 0-1: Called Strike 0-2: SOLO HOME RUN (Flyball, 7LD, EV 91.9 MPH), Distance : 336 ft
|
|
Pitching: RHP Alex Amparo
|
|
|
Batting: RHB Ron Squires
|
0-0: Called Strike 0-1: Ground out 3-1 (Groundball, 34, EV 80.0 MPH)
|
| Top of the 6th over - 1 run, 2 hits, 0 errors, 0 left on base; Texas (APP) 5 - Detroit (APP) 8 |
| BOTTOM OF THE 6TH |
|
Detroit (APP) Tigers batting - Pitching for Texas (APP) Rangers : RHP Tony Gutierrez
|
|
Batting: RHB Kevin Steed
|
0-0: Ball 1-0: Ground out 4-3 (Groundball, 4, EV 102.5 MPH)
|
|
Batting: RHB Ernst Meloche
|
0-0: Ball 1-0: Ball 2-0: Ball 3-0: Swinging Strike 3-1: Base on Balls
|
|
Batting: RHB Norm Wood
|
0-0: Foul Ball, location: 2F 0-1: Swinging Strike 0-2: Ball 1-2: SINGLE (Groundball, 5S, EV 69.4 MPH) (infield hit) Ernst Meloche to second
|
|
Batting: RHB Nate Dabney
|
0-0: Ball 1-0: Ball 2-0: Called Strike 2-1: Foul Ball, location: 2F 2-2: Hit by Pitch Ernst Meloche to third Norm Wood to second
|
|
Pitching: RHP Ian Wilson
|
|
|
Batting: SHB Ronnie Lundy
|
0-0: Ball 1-0: Called Strike 1-1: Swinging Strike 1-2: Ball 2-2: Strikes out swinging
|
|
Batting: LHB Glen Boyle
|
0-0: Swinging Strike 0-1: Foul Ball, location: 2F 0-2: Foul Ball, location: 2F 0-2: Strikes out swinging
|
| Bottom of the 6th over - 0 runs, 1 hit, 0 errors, 3 left on base; Texas (APP) 5 - Detroit (APP) 8 |
| TOP OF THE 7TH |
|
Texas (APP) Rangers batting - Pitching for Detroit (APP) Tigers : RHP Alex Amparo
|
|
Batting: LHB Eddie Reyes
|
0-0: Foul Ball, location: 2F 0-1: Swinging Strike 0-2: Ball 1-2: Ball 2-2: Ball 3-2: Foul Ball, location: 2F 3-2: Base on Balls
|
|
Batting: RHB Elias Sagrero
|
0-0: Ball 1-0: SINGLE (Groundball, 34, EV 105.0 MPH) (infield hit) Eddie Reyes to second
|
|
Batting: RHB Nick Solberg
|
0-0: Ball 1-0: Fielders Choice at 2nd, 1-6 (Groundball, 13S, EV 64.4 MPH) Eddie Reyes to third
|
|
Batting: LHB Santino Pisanello
|
0-0: Foul Ball, location: 2F 0-1: Ball 1-1: Swinging Strike 1-2: Ball 2-2: Ball 3-2: Base on Balls Nick Solberg to second
|
|
Batting: RHB Luis Solorzano
|
0-0: Called Strike 0-1: Called Strike 0-2: Ball 1-2: Ball 2-2: Ball 3-2: Fly out, F9 (Flyball, 9S, EV 94.4 MPH)
|
|
Batting: SHB Albert Ortiz
|
0-0: Foul Ball, location: 2F 0-1: SINGLE (Groundball, 34D, EV 103.8 MPH) Eddie Reyes scores Nick Solberg to third Santino Pisanello to second Runner from 3rd tries for Home, SAFE, throw by RF to home
|
|
Batting: LHB Bobby Scott
|
0-0: Fielders Choice at 2nd, 6-4 (Groundball, 6, EV 102.5 MPH)
|
| Top of the 7th over - 2 runs, 2 hits, 0 errors, 2 left on base; Texas (APP) 7 - Detroit (APP) 8 |
| BOTTOM OF THE 7TH |
|
Detroit (APP) Tigers batting - Pitching for Texas (APP) Rangers : RHP Ian Wilson
|
|
Batting: RHB George Sonier
|
0-0: Called Strike 0-1: Ball 1-1: Ball 2-1: Fly out, F7 (Flyball, 7S, EV 86.2 MPH)
|
|
Batting: SHB Salvador Lacosta
|
0-0: Called Strike 0-1: Ball 1-1: Ball 2-1: Fly out, F7 (Line Drive, 7, EV 91.9 MPH)
|
|
Batting: LHB Timotheus Young
|
0-0: Called Strike 0-1: Foul Ball, location: 2F 0-2: Strikes out looking
|
| Bottom of the 7th over - 0 runs, 0 hits, 0 errors, 0 left on base; Texas (APP) 7 - Detroit (APP) 8 |
| TOP OF THE 8TH |
|
Texas (APP) Rangers batting - Pitching for Detroit (APP) Tigers : RHP Alex Amparo
|
|
Pitching: RHP Mike Santana
|
|
|
Batting: RHB Jerry Foster
|
0-0: Swinging Strike 0-1: Ball 1-1: Ball 2-1: Called Strike 2-2: Ball 3-2: Strikes out swinging
|
|
Batting: RHB Ron Squires
|
0-0: Called Strike 0-1: Ball 1-1: Ball 2-1: Ball 3-1: Foul Ball, location: 2F 3-2: Base on Balls
|
|
Batting: LHB Eddie Reyes
|
0-0: Called Strike 0-1: Foul Ball, location: 2F 0-2: Fly out, F7 (Flyball, 7, EV 89.4 MPH)
|
|
Batting: RHB Elias Sagrero
|
0-0: Swinging Strike 0-1: Swinging Strike 0-2: Ball 1-2: Foul Ball, location: 2F 1-2: Strikes out looking
|
| Top of the 8th over - 0 runs, 0 hits, 0 errors, 1 left on base; Texas (APP) 7 - Detroit (APP) 8 |
| BOTTOM OF THE 8TH |
|
Detroit (APP) Tigers batting - Pitching for Texas (APP) Rangers : RHP Ian Wilson
|
|
Batting: RHB Kevin Steed
|
0-0: Swinging Strike 0-1: Ball 1-1: Swinging Strike 1-2: Strikes out swinging
|
|
Batting: RHB Ernst Meloche
|
0-0: Foul Ball, location: 2F 0-1: TRIPLE (Flyball, 89XD, EV 101.9 MPH)
|
|
Batting: RHB Norm Wood
|
0-0: Intentional Walk
|
|
Batting: RHB Nate Dabney
|
0-0: Ball 1-0: Called Strike 1-1: Called Strike 1-2: Strikes out swinging
|
|
Batting: SHB Ronnie Lundy
|
0-0: Ball 1-0: Foul Ball, location: 2F 1-1: Foul Ball, location: 2F 1-2: Foul Ball, location: 2F 1-2: Strikes out swinging
|
| Bottom of the 8th over - 0 runs, 1 hit, 0 errors, 2 left on base; Texas (APP) 7 - Detroit (APP) 8 |
| TOP OF THE 9TH |
|
Texas (APP) Rangers batting - Pitching for Detroit (APP) Tigers : RHP Mike Santana
|
|
Now in LF: Isao Fukui
|
|
|
Now in RF: Seth Fox
|
|
|
Batting: RHB Nick Solberg
|
0-0: Ball 1-0: Foul Ball, location: 2F 1-1: Called Strike 1-2: Strikes out swinging
|
|
Batting: LHB Santino Pisanello
|
0-0: Ball 1-0: Hit by Pitch
|
|
Batting: RHB Luis Solorzano
|
0-0: Ball 1-0: Ball 2-0: Ball 3-0: Base on Balls Santino Pisanello to second
|
|
Pitching: RHP Matt Haberle
|
|
|
Batting: SHB Albert Ortiz
|
0-0: Ball 1-0: Ball 2-0: Ball 3-0: Called Strike 3-1: Called Strike 3-2: Reached on error, E4 (Groundball, 4, EV 78.1 MPH) Santino Pisanello to third Luis Solorzano to second
|
|
Batting: LHB Bobby Scott
|
0-0: Called Strike 0-1: Hit by Pitch Santino Pisanello scores Luis Solorzano to third Albert Ortiz to second
|
|
Batting: RHB Jerry Foster
|
0-0: Called Strike 0-1: Ball 1-1: Ball 2-1: TRIPLE (Flyball, 8RXD, EV 100.6 MPH) Luis Solorzano scores Albert Ortiz scores Bobby Scott scores
|
|
Batting: RHB Ron Squires
|
0-0: Intentional Walk
|
|
Batting: LHB Eddie Reyes
|
0-0: Ball 1-0: Fielders Choice at 2nd, U6 (Groundball, 4M, EV 81.2 MPH) Jerry Foster scores
|
|
Pitching: RHP Bert Hernandez
|
|
|
Batting: RHB Elias Sagrero
|
0-0: Ball 1-0: Foul Ball, location: 2F 1-1: Ball 2-1: Swinging Strike Pickoff Throw by Catcher to First - Out!
|
| Top of the 9th over - 5 runs, 1 hit, 1 error, 0 left on base; Texas (APP) 12 - Detroit (APP) 8 |
| BOTTOM OF THE 9TH |
|
Detroit (APP) Tigers batting - Pitching for Texas (APP) Rangers : RHP Ian Wilson
|
|
Batting: LHB Glen Boyle
|
0-0: Called Strike 0-1: Ball 1-1: Foul Ball, location: 2F 1-2: Foul Ball, location: 2F 1-2: Ball 2-2: Foul Ball, location: 2F 2-2: Strikes out swinging
|
|
Batting: RHB George Sonier
|
0-0: Foul Ball, location: 2F 0-1: Swinging Strike 0-2: Ball 1-2: Ball 2-2: Strikes out looking
|
|
Pinch Hitting: RHB Brandon Everett
|
0-0: Called Strike 0-1: Swinging Strike 0-2: Ball 1-2: Strikes out swinging
|
| Bottom of the 9th over - 0 runs, 0 hits, 0 errors, 0 left on base; Texas (APP) 12 - Detroit (APP) 8 |
|